 Dungeon Crawl Stone Soup version 0.22-a0-99-g1ac4c55 (webtiles) character file.

799 4thArraOfDagon the Destroyer (level 7, -8/57 HPs)
             Began as a Deep Dwarf Conjurer on Jan 25, 2018.
             Mangled by a two-headed ogre
             ... wielding a +0 giant club
              (12 damage)
             ... on level 5 of the Dungeon.
             The game lasted 00:12:53 (2201 turns).

4thArraOfDagon the Destroyer (Deep Dwarf Conjurer)  Turns: 2201, Time: 00:12:54

Health: -8/57      AC:  5    Str: 12    XL:     7   Next: 59%
Magic:  7/9        EV: 10    Int: 17    God:
Gold:   43         SH:  0    Dex: 13    Spells: 5/10 levels left

rFire    . . .     SeeInvis .   k - +0 war axe
rCold    + . .     Gourm    .   (no shield)
rNeg     . . .     Faith    .   f - +0 ring mail
rPois    .         Spirit   .   (no helmet)
rElec    +         Reflect  .   (no cloak)
rCorr    .         Harm     .   (no gloves)
MR       ++...                  (no boots)
Stlth    +.........             (no amulet)
HPRegen  0.00/turn              i - ring "Namola" {rElec rC+ MR+}
MPRegen  0.11/turn              (no ring)

@: non-regenerating, drained
A: damage resistance, heal wounds, sense surroundings 1, no regeneration
a: Heal Wounds


You were on level 5 of the Dungeon.
You were very hungry.

You visited 1 branch of the dungeon, and saw 7 of its levels.

You collected 193 gold pieces.
You spent 150 gold pieces at shops.

Inventory:

Hand Weapons
 g - a +0 trident
 k - a +0 war axe (weapon)
Armour
 a - a +0 robe
 d - a +0 plate armour
 f - a +0 ring mail (worn)
Jewellery
 e - an uncursed ring of ice
 i - the ring "Namola" (left hand) {rElec rC+ MR+}
   (You took it off a wight on level 6 of the Dungeon)

   [ring of protection from cold]

   It protects you from cold.
   It insulates you from electricity.
   It affects your resistance to hostile enchantments.
Scrolls
 h - a scroll of amnesia
Books
 b - a book of Conjurations

   Spells                             Type                      Level
   a - Magic Dart                     Conjuration                  1
   b - Searing Ray                    Conjuration                  2
   c - Dazzling Spray                 Conjuration/Hexes            3
   d - Fulminant Prism                Conjuration/Hexes            4
   e - Force Lance                    Conjuration/Translocation    4
   f - Iskenderun's Mystic Blast      Conjuration                  4
 j - a book of Maledictions

   Spells                             Type                      Level
   a - Corona                         Hexes                        1
   b - Ensorcelled Hibernation        Hexes/Ice                    2
   c - Confuse                        Hexes                        3
   d - Tukima's Dance                 Hexes                        3
   e - Dazzling Spray                 Conjuration/Hexes            3
Comestibles
 c - 3 rations


   Skills:
 + Level 1.3(0.3) Fighting
 * Level 2.5(1.5) Axes
 - Level 2.1(1.2) Dodging
 - Level 2.4(1.4) Stealth
 - Level 2.0(1.0) Spellcasting
 * Level 8.1(6.9) Conjurations


You had 5 spell levels left.
You knew the following spells:

 Your Spells              Type           Power        Failure   Level  Hunger
a - Magic Dart            Conj           ###.         2%          1    ##.....
b - Iskenderun's Mystic   Conj           ###.....     28%         4    #####..


Dungeon Overview and Level Annotations

Branches:
Dungeon (7/15)
 Temple: D:4-7

Altars:
Ashenzari
Elyvilon
Uskayaw

Shops:
D:6 *


Innate Abilities, Weirdness & Mutations

You are resistant to damage.
You can heal yourself by infusing magical energy.
You passively map a small area around you.
You do not regenerate.


Message History

You closely miss the crimson imp. The crimson imp hits you.
You barely miss the crimson imp. The crimson imp closely misses you.
You hit the crimson imp but do no damage.
The crimson imp barely misses you.
The crimson imp hits you but does no damage.
You hit the crimson imp.
The crimson imp is moderately wounded.
The crimson imp blinks!
Found 14 gold pieces.
The crimson imp blinks!
You see here 14 gold pieces.
You now have 43 gold pieces (gained 14).
You are feeling very hungry.
The crimson imp blinks!
You closely miss the crimson imp. You barely miss the two-headed ogre.
The crimson imp hits you but does no damage.
The two-headed ogre hits you with a giant club!!
* * * LOW HITPOINT WARNING * * *
The two-headed ogre hits you with a giant club!
You die...

, , *, , ##* * , .##
, , , * ..## * 5.# ,
..##########5# ,
##.........O@>#
....#####ยง##### ..
#..* #.# ..###.# #.#
......### ###.#######
#.###...###.........#
#........##.........#
#...................#
.........##.........#


You could see a two-headed ogre and a crimson imp.

Vanquished Creatures
  A phantom (D:6)
  3 ogres (D:6)
  3 bullfrogs (D:6)
  A scorpion (D:7)
  A wight (D:6)
  A centaur zombie (D:6)
  3 hounds
  2 orc wizards
  2 adders
  An adder skeleton (D:6)
  2 dart slugs
  A leopard gecko (D:6)
  5 orcs
  2 bats
  A giant cockroach (D:4)
  3 goblins
  3 hobgoblins
  3 jackals (D:6)
  2 kobolds
  5 quokkas
  2 frilled lizards (D:3)
  A leopard gecko skeleton (D:6)
  A quokka zombie (D:6)
  A rat (D:1)
50 creatures vanquished.

Vanquished Creatures (others)
  An orc wizard (D:6)
1 creature vanquished.

Grand Total: 51 creatures vanquished

Notes
Turn   | Place    | Note
-------+----------+-------------------------------------------
     0 | D:1      | 4thArraOfDagon the Deep Dwarf Conjurer began the quest for the Orb.
     0 | D:1      | Reached XP level 1. HP: 15/15 MP: 3/3
   137 | D:1      | Reached skill level 4 in Conjurations
   137 | D:1      | Reached XP level 2. HP: 19/22 MP: 0/5
   322 | D:3      | Found a shattered altar of Ashenzari.
   323 | D:3      | Found a hide-covered altar of Uskayaw.
   436 | D:2      | Reached XP level 3. HP: 21/28 MP: 0/6
   651 | D:4      | Thaneod: try GrSu
   676 | D:4      | Thaneod: only 18 mln points to beat:)
   688 | D:5      | Entered Level 5 of the Dungeon
   815 | D:6      | Noticed an ogre
   874 | D:6      | Found Veucauf's Hallowed Reliquary.
   876 | D:6      | Found a white marble altar of Elyvilon.
   879 | D:6      | Noticed an angel
   886 | D:6      | Killed an ogre
   886 | D:6      | Reached skill level 5 in Conjurations
   886 | D:6      | Reached XP level 4. HP: 20/36 MP: 7/7
   900 | D:6      | Learned a level 4 spell: Iskenderun's Mystic Blast
   904 | D:6      | Bought a potion of heal wounds for 75 gold pieces
   915 | D:6      | Noticed a phantom
   966 | D:6      | Noticed a bullfrog
   976 | D:6      | Killed a bullfrog
   976 | D:6      | Reached skill level 6 in Conjurations
   976 | D:6      | Reached XP level 5. HP: 39/42 MP: 0/8
  1006 | D:6      | Noticed an ogre
  1024 | D:6      | Reached XP level 6. HP: 29/49 MP: 5/9
  1040 | D:6      | Reached skill level 7 in Conjurations
  1101 | D:5      | Noticed a two-headed ogre
  1102 | D:5      | HP: 2/49 [two-headed ogre/giant club (29)]
  1220 | D:6      | Reached XP level 7. HP: 42/55 MP: 1/9
  1430 | D:7      | Reached skill level 1 in Axes
  1795 | D:6      | Bought a potion of heal wounds for 75 gold pieces
  1922 | D:6      | Reached skill level 1 in Fighting
  2013 | D:7      | Reached skill level 8 in Conjurations
  2030 | D:6      | Got a heavily runed platinum ring
  2033 | D:6      | Identified the ring "Namola" {rElec rC+ MR+} (You took it off a wight on level 6 of the Dungeon)
  2201 | D:5      | Mangled by a two-headed ogre

Vault maps used:
D:1:      erik_arrival_gehennom
D:2:      cheibrodos_old_hovel, chequers_ecumenical_altar_island
D:3:      amethyst_overflow_temple_binary
D:4:      minmay_temple_entry_fiery, hangedman_minor_gate_pass, uniq_edmund
D:5:      first_ration
D:6:      nicolae_good_shop
D:7:      hangedman_decor_clover_reticule

Skill      XL: |  1  2  3  4  5  6  7 |
---------------+----------------------+-----
Spellcasting   | 2 |  2.0
Conjurations   | 4 5 6 7 8 |  8.1
Axes           | 2 |  2.5
Fighting       | 1 |  1.3
Dodging        | |  2.1
Stealth        | |  2.4

Action                   |  1- 3 |  4- 6 |  7- 9 || total
-------------------------+-------+-------+-------++-------
Melee: Unarmed           |    21 |       |       ||    21
       Trident           |     8 |    43 |       ||    51
       War axe           |       |       |    62 ||    62
 Cast: Magic Dart        |    41 |    19 |    17 ||    77
       Iskenderun's Myst |       |     4 |     6 ||    10
 Abil: Heal Wounds       |       |     4 |       ||     4
Evoke: Wand              |     1 |     4 |       ||     5
  Use: Scroll            |     5 |       |     1 ||     6
       Potion            |       |     2 |     2 ||     4
 Stab: Confused          |       |     2 |       ||     2
  Eat: Chunk             |       |     2 |     2 ||     4
       Ration            |       |       |     1 ||     1
Armor: Robe              |     5 |     8 |       ||    13
       Ring mail         |       |       |    29 ||    29
Dodge: Dodged            |    21 |    57 |    41 ||   119

Table legend:
 A = Spawn XP
 B = Non-spawn XP
 C = Spawn XP percentage of total XP
 D = Spawn monster count
 E = Non-spawn monster count
 F = Spawn count percentage of total count
 G = Total turns spent on level
                    A         B        C        D         E        F      G
               +---------+---------+-------+---------+---------+-------+---------
         Total |       0 |    1142 |   0.0 |       0 |      50 |   0.0 |  2201
               +---------+---------+-------+---------+---------+-------+---------
           D:1 |       0 |      15 |   0.0 |       0 |       7 |   0.0 |   183
           D:2 |       0 |       3 |   0.0 |       0 |       2 |   0.0 |    96
           D:3 |       0 |      27 |   0.0 |       0 |       8 |   0.0 |   258
           D:4 |       0 |       9 |   0.0 |       0 |       4 |   0.0 |   159
           D:6 |       0 |     934 |   0.0 |       0 |      25 |   0.0 |  1223
           D:7 |       0 |     154 |   0.0 |       0 |       4 |   0.0 |    85
               +---------+---------+-------+---------+---------+-------+---------
